 Dungeon Crawl Stone Soup version 0.18-a0-1577-gf591c28 (webtiles) character file.

2380 Ijustatesigmund the Insei (level 9, -10/74 HPs)
             Began as an Octopode Transmuter on Mar 19, 2016.
             Mangled by a tengu warrior
             ... wielding a +0 war axe
              (14 damage)
             ... on level 6 of the Dungeon on Mar 20, 2016.
             The game lasted 00:19:42 (7112 turns).

Ijustatesigmund the Insei (Octopode Transmuter)     Turns: 7112, Time: 00:19:42

Health: -10/74     AC:  6    Str: 11    XL:     9   Next: 45%
Magic:  15/15      EV: 11    Int: 16    God:
Gold:   276        SH:  3    Dex: 13    Spells: 5 memorised, 2 levels left

rFire  . . .     SeeInvis .       - Unarmed
rCold  + + +     Gourm    .     (shield currently unavailable)
rNeg   . . .     Faith    .     (helmet currently unavailable)
rPois  +         Spirit   .     x - +3 amulet of reflection
rElec  .         Dismiss  .     h - ring of wizardry
rCorr  .         Reflect  +     r - ring of protection from fire
SustAt .         Harm     .     (no ring)
MR     .....                    (no ring)
Stlth  +++.......               (no ring)
                                (no ring)
                                (no ring)
                                (no ring)

@: ice-form (expiring), very slightly contaminated, invisible, not resistant to
hostile enchantments, fairly stealthy
A: almost no armour, amphibious, 8 rings, (constrict 8), (camouflage 0),
(gelatinous body 0)
a: End Transformation


You were on level 6 of the Dungeon.
You were not hungry.
You were a creature of crystalline ice.
You visited 1 branch of the dungeon, and saw 7 of its levels.

You collected 276 gold pieces.

Inventory:

Missiles
 a - 122 arrows
Jewellery
 h - a ring of wizardry (left front paw)
 r - a ring of protection from fire (right front paw)
 x - a +3 amulet of reflection (around neck)
Wands
 g - a wand of slowing (22/48)
 t - a wand of disintegration (19/24)
Scrolls
 f - a scroll of enchant armour
 i - a scroll of amnesia
 l - 3 scrolls of identify
 n - 2 scrolls of recharging
 p - 3 scrolls of blinking
 v - 6 scrolls of teleportation
 y - a scroll of remove curse
 z - a scroll of fog
Potions
 d - 2 potions of brilliance
 j - a potion of lignification
 s - 2 potions of cancellation {unknown}
 B - a potion of might {unknown}
Books
 b - a book of Changes

   Spells                             Type                      Level
   a - Beastly Appendage              Transmutation                1
   b - Sticks to Snakes               Transmutation                2
   c - Spider Form                    Transmutation/Poison         3
   d - Ice Form                       Ice/Transmutation            4
   e - Blade Hands                    Transmutation                5
 u - a book of Dreams

   Spells                             Type                      Level
   a - Ensorcelled Hibernation        Hexes/Ice                    2
   b - Silence                        Hexes/Air                    5
   c - Darkness                       Hexes                        6
   d - Shadow Creatures               Summoning                    6
Comestibles
 c - 5 bread rations
 m - 3 meat rations
 o - a beef jerky


   Skills:
 - Level 5.6 Fighting
 + Level 3.7 Dodging
 + Level 4.2 Stealth
 - Level 6.6 Unarmed Combat
 - Level 4.0 Spellcasting
 - Level 6.0 Transmutations
 - Level 4.0 Ice Magic


You had 2 spell levels left.
You knew the following spells:

 Your Spells              Type           Power        Failure   Level  Hunger
a - Beastly Appendage     Trmt           ###...       1%          1    None
b - Sticks to Snakes      Trmt           ###.....     1%          2    ##.....
c - Ice Form              Ice/Trmt       ###.....     9%          4    ####...
d - Ensorcelled Hibernat  Hex/Ice        #.....       4%          2    ##.....
e - Blade Hands           Trmt           ###.......   16%         5    ######.


Dungeon Overview and Level Annotations

Branches:
Dungeon (7/15)
 Temple: D:4-7

Altars:
Fedhas
Okawaru
Ru

Annotations:
D:7 Pikel


Innate Abilities, Weirdness & Mutations

You cannot wear most types of armour.
You are amphibious.
You can wear up to eight rings at the same time.
((You can use your tentacles to constrict eight enemies at once.))
((Your skin changes colour to match your surroundings (Stealth).))
((Your rubbery body absorbs attacks (AC +1).))


Message History

Your transformation is almost over.
The tengu warrior closely misses you. The tengu warrior pecks you.
The tengu warrior claws you.
You hit the tengu warrior. You freeze the tengu warrior.
The tengu warrior is moderately wounded.
The quokka skeleton moves out of view.
The tengu warrior hits you with a war axe!
* * * LOW HITPOINT WARNING * * *
The tengu warrior pecks you but does no damage.
The tengu warrior misses you.
Drink which item? (? for menu, Esc to quit)
You fade into invisibility!
The tengu warrior hits you with a war axe!
* * * LOW HITPOINT WARNING * * *
The tengu warrior closely misses you. The tengu warrior barely misses you.
You are very lightly contaminated with residual magic.
You punch the tengu warrior! You freeze the tengu warrior.
The tengu warrior is heavily wounded.
The tengu warrior hits you with a war axe!
You die...

####.##.###....#.########........
.##...#.#.........[..............
......#...#.....########...#.###.
...#...[#.................<......
...#.##.###..####################
..............#....†......
####.#.##.....#P..Z# #
#.#.##.....#..QP#
####.#.##.....#PY..#
...#.#..#.........P#
..............#P...#
..............#...P#
..............#P...#
..............#...P#
.............##'####
.............##..(.#
.......##.#.###....#


You could see a tengu warrior and a quokka skeleton.

Vanquished Creatures
  Grinder (D:6)
  A water moccasin (D:7)
  An orc warrior (D:6)
  An ice beast (D:6)
  2 sky beasts (D:5)
  3 phantoms
  An ogre (D:6)
  A centaur (D:5)
  4 giant frogs
  2 scorpions
  A howler monkey (D:6)
  2 crimson imps
  A quasit (D:5)
  3 giant frog zombies
  5 hounds
  A centaur skeleton (D:6)
  A giant frog skeleton (D:6)
  An iguana (D:7)
  5 worker ants
  2 orc wizards
  A hound zombie (D:7)
  2 howler monkey skeletons
  2 gnolls
  14 adders
  2 shadow imps
  4 worms
  4 giant geckos
  14 orcs
  11 bats
  2 giant cockroaches
  8 goblins
  5 hobgoblins
  14 jackals
  5 kobolds
  3 quokkas
  A ball python skeleton (D:4)
  A giant gecko skeleton (D:4)
  7 giant newts
  A jackal skeleton (D:6)
  A quokka skeleton (D:6)
  4 rats
145 creatures vanquished.

Vanquished Creatures (collateral kills)
  A gnoll (D:4)
  2 orcs (D:4)
  A goblin (D:2)
4 creatures vanquished.

Grand Total: 149 creatures vanquished

Notes
Turn   | Place    | Note
--------------------------------------------------------------
     0 | D:1      | Ijustatesigmund the Octopode Transmuter began the quest for the Orb.
     0 | D:1      | Reached XP level 1. HP: 13/13 MP: 3/3
   200 | D:1      | Reached XP level 2. HP: 18/18 MP: 5/5
   207 | D:1      | Learned a level 2 spell: Sticks to Snakes
   546 | D:2      | Reached XP level 3. HP: 16/24 MP: 4/6
   861 | D:2      | Reached XP level 4. HP: 18/30 MP: 3/7
   981 | D:2      | Learned a level 4 spell: Ice Form
  1105 | D:2      | Reached skill level 1 in Ice Magic
  1681 | D:3      | Found a sacrificial altar of Ru.
  2503 | D:3      | Reached XP level 5. HP: 33/35 MP: 8/8
  2905 | D:4      | Reached XP level 6. HP: 17/41 MP: 9/9
  3358 | D:4      | Noticed a phantom
  3375 | D:4      | Killed a phantom
  4181 | D:5      | Entered Level 5 of the Dungeon
  4282 | D:5      | Reached XP level 7. HP: 20/45 MP: 5/10
  4536 | D:5      | Reached skill level 5 in Transmutations
  4739 | D:5      | Reached XP level 8. HP: 43/52 MP: 9/11
  4911 | D:5      | Reached skill level 5 in Unarmed Combat
  5155 | D:6      | Noticed Grinder
  5167 | D:6      | Killed Grinder
  5195 | D:6      | Found a blossoming altar of Fedhas.
  5295 | D:6      | Learned a level 2 spell: Ensorcelled Hibernation
  5511 | D:6      | Reached skill level 5 in Fighting
  5883 | D:6      | Reached XP level 9. HP: 61/61 MP: 9/14
  6396 | D:7      | Found an iron altar of Okawaru.
  6417 | D:7      | Learned a level 5 spell: Blade Hands
  6440 | D:7      | HP: 1/74 [water moccasin (3)]
  6445 | D:7      | Reached skill level 1 in Stealth
  6448 | D:7      | Noticed Pikel
  7104 | D:6      | Noticed a tengu warrior
  7109 | D:6      | HP: 3/74 [tengu warrior/war axe (8)]
  7112 | D:6      | Mangled by a tengu warrior

Vault maps used:
D:1:      dpeg_arrival_simpleton_b
D:3:      st_stairs_9, nicolae_ru_the_path_less_chosen
D:5:      first_bread
D:6:      minmay_klotski, basic_altar, uniq_grinder
D:7:      old_standard_altar, grunt_temple_overflow_octagram,
          minmay_temple_entry_overgrown, uniq_pikel

Skill      XL: |  1  2  3  4  5  6  7  8  9 |
---------------+----------------------------+-----
Fighting       | 2 3 5 |  5.6
Ice Magic      | 2 3 4 |  4.0
Transmutations | 3 4 5 6 |  6.0
Unarmed Combat | 4 6 |  6.6
Spellcasting   | 3 4 |  4.0
Stealth        | 4 |  4.2
Dodging        | 3 |  3.7

Action                   |  1- 3 |  4- 6 |  7- 9 || total
-------------------------+-------+-------+-------++-------
Melee: Unarmed           |    46 |   158 |   196 ||   400
 Cast: Beastly Appendage |     6 |    16 |       ||    22
       Sticks to Snakes  |     3 |     6 |     7 ||    16
       Ice Form          |       |     3 |    15 ||    18
       Ensorcelled Hiber |       |       |     1 ||     1
Evoke: Wand              |       |       |     1 ||     1
  Use: Scroll            |       |    14 |     4 ||    18
       Potion            |       |     5 |     4 ||     9
 Stab: Sleeping          |     2 |     9 |     4 ||    15
  Eat: Chunk             |       |     8 |     7 ||    15
       Beef jerky        |       |     2 |     1 ||     3
       Pizza             |       |     1 |     1 ||     2
       Royal jelly       |       |       |     1 ||     1
       Bread ration      |       |       |     1 ||     1
